 Dungeon Crawl Stone Soup version 0.18-a0-1243-g9e52518 (webtiles) character file.

351862 4thArraOfDagon the Centaur Blade (level 20, -4/158 HPs)
             Began as a Centaur Berserker on Feb 4, 2016.
             Was the Champion of Makhleb.
             Slain by a hill giant
             ... wielding a +0 giant club
             ... created by the rage of Trog
              (37 damage)
             ... on level 1 of the Vaults on Feb 5, 2016.
             The game lasted 02:17:00 (31052 turns).

4thArraOfDagon the Centaur Blade (CeBe)            Turns: 31052, Time: 02:17:01

Health: -4/158     AC: 35    Str: 26    XL:     20   Next: 95%
Magic:  26/26      EV:  6    Int:  8    God:    Makhleb [******]
Gold:   3182       SH:  0    Dex: 11    Spells: 3 memorised, 20 levels left

rFire  . . .     SeeInvis .     N - +9 triple sword (vamp)
rCold  + . .     Gourm    .     I - +1 plate armour {MR+}
rNeg   + + .     Faith    .     (shield currently unavailable)
rPois  +         Spirit   .     q - +2 helmet
rElec  .         Dismiss  .     b - +1 ratskin cloak {rPois rN+ Int-1 Dex-1}
rCorr  .         Reflect  .     y - +1 pair of gloves
SustAt .         Harm     .     t - +0 centaur barding {Fly}
MR     ++...     Clarity  +     n - amulet of regeneration
Stlth  ..........               C - ring "Nuqotwoi" {rC+ rN+}
                                Y - +6 ring of slaying

@: slowed, very resistant to hostile enchantments, extremely unstealthy
A: hooves 3, rough black scales 1, berserk 1, clarity, clever 1, deformed body,
speed 2, poison resistance, strong 1, tough skin 3, wild magic 1, evolution 1
a: Minor Destruction, Lesser Servant of Makhleb, Major Destruction, Greater
Servant of Makhleb, Renounce Religion, Evoke Flight
}: 3/15 runes: serpentine, barnacled, slimy


You were on level 1 of the Vaults.
You worshipped Makhleb.
Makhleb was exalted by your worship.
You were full.

You visited 9 branches of the dungeon, and saw 45 of its levels.
You also visited: Volcano and Wizlab.

You collected 4447 gold pieces.
You spent 1265 gold pieces at shops.

Inventory:

Hand Weapons
 x - the +4 great sword of Trog's Outrage {slice, rF+ Int+4}
   (Trog gifted it to you on level 4 of the Snake Pit)

   It inflicts extra damage upon your enemies.
   It affects your intelligence (+4).
   It protects you from fire.
 N - a +9 vampiric triple sword (weapon)
Missiles
 J - 2 throwing nets (quivered)
Armour
 b - the +1 ratskin cloak (worn) {rPois rN+ Int-1 Dex-1}
   (You acquired it on level 2 of the Elven Halls)

   It affects your intelligence (-1).
   It affects your dexterity (-1).
   It protects you from poison.
   It protects you from negative energy.
 g - a +2 plate armour of fire resistance
 q - a +2 helmet (worn)
 t - a +0 centaur barding of flying (worn)
 y - a +1 pair of gloves (worn)
 I - a +1 plate armour of magic resistance (worn)
 M - the +1 large shield of Leaves {rCorr}
   (You found it on level 6 of the Pits of Slime)

   It protects you from acid and corrosion.
Jewellery
 d - an uncursed ring of flight
 f - the ring "Dotufe" {*Drain rN+ Str+2 SInv}
   (You took it off a deep elf annihilator on level 3 of the Elven Halls)

   [ring of see invisible]

   It affects your strength (+2).
   It protects you from negative energy.
   It lets you see invisible.
   It causes draining when unequipped.
 n - an amulet of regeneration (around neck)
 r - a +4 ring of protection
 w - an uncursed amulet of rage
 C - the ring "Nuqotwoi" (right hand) {rC+ rN+}
   (You found it on level 6 of the Pits of Slime)

   [ring of positive energy]

   It protects you from cold.
   It protects you from negative energy.
 Q - a +5 ring of intelligence
 R - an uncursed ring of protection from fire
 X - an uncursed ring of ice
 Y - a +6 ring of slaying (left hand)
Wands
 F - a wand of disintegration (12/24)
 H - a wand of digging (11/24)
Scrolls
 j - 8 scrolls of fear
 l - 10 scrolls of teleportation
 u - 3 scrolls of blinking
 v - 14 scrolls of remove curse
 A - 2 scrolls of magic mapping
 D - 6 scrolls of immolation
 P - 4 scrolls of summoning
 S - 3 scrolls of identify
 U - 2 scrolls of recharging
 W - 2 scrolls of torment
 Z - 8 scrolls of enchant armour
Potions
 a - 3 potions of haste
 e - 17 potions of curing
 h - 6 potions of ambrosia
 k - 4 potions of heal wounds
 s - 2 potions of might
 z - 8 potions of brilliance
 E - 8 potions of magic
 V - 4 potions of cancellation
Miscellaneous
 i - a box of beasts
 m - a fan of gales
 p - a legendary deck of summoning {the Rangers}
 B - a plain deck of summoning {drawn: 3}
 G - a box of beasts {used: 2}
 K - a box of beasts {used: 7}
 L - a sack of spiders {used: 5}
 T - a phial of floods
Comestibles
 c - 19 bread rations
 o - 13 meat rations
 O - a slice of pizza


   Skills:
 + Level 9.0 Fighting
 - Level 24.0 Long Blades
 + Level 14.7 Armour
 + Level 5.5 Dodging
 + Level 4.4 Spellcasting
 * Level 8.3 Translocations
 + Level 7.6 Invocations
 - Level 7.0 Evocations


You had 20 spell levels left.
You knew the following spells:

 Your Spells              Type           Power        Failure   Level  Hunger
a - Blink                 Tloc           N/A          22%         2    ###....
b - Apportation           Tloc           ###.......   16%         1    #......
c - Passage of Golubria   Tloc           N/A          78%         4    #####..


Dungeon Overview and Level Annotations

Branches:
Dungeon (15/15)            Temple (0/1) D:4            Lair (8/8) D:8
 Shoals (4/4) Lair:6        Snake (4/4) Lair:3        Slime (6/6) Lair:7
    Orc (2/2) D:10            Elf (3/3) Orc:2        Vaults (2/5) D:14
 Depths (1/5) D:15
  Crypt: Vaults:2-3

Altars:
Ashenzari
Cheibriados
Dithmenos
Fedhas
Kikubaaqudgha
Makhleb
Okawaru
Xom
Yredelemnul
The Shining One
Jiyva

Shops:
D:4 (   D:7 }[   Orc:2 :*([   Elf:3 }   Shoals:1 *   Shoals:3 [!(   Vaults:2 *

Annotations:
D:3 1 runed door
D:14 exclusion: 2 doors
Lair:5 Kirke
Elf:2 5 runed doors
Depths:1 Sojobo


Innate Abilities, Weirdness & Mutations

You have hooves in place of feet.
Armour fits poorly on your strangely shaped body.
You cover ground very quickly.
You have extremely tough skin (AC +3).
You are partially covered in rough black scales (AC +4, Dex -1).
You tend to lose your temper in combat.
You possess an exceptional clarity of mind.
Your mind is acute. (Int +2)
Your system is resistant to poisons.
Your muscles are strong. (Str +2)
Your spells are a little harder to cast, but a little more powerful.
You evolve.


Message History

The polar bear completely misses you.
The black bear bites you but does no damage.
The black bear barely misses you.
The black bear claws you but does no damage.
The hill giant hits you with a giant club! x2
The polar bear bites you!
* * * LOW HITPOINT WARNING * * *
The polar bear claws you but does no damage. x2
The black bear bites you but does no damage.
The black bear claws you but does no damage.
The black bear claws you.
* * * LOW HITPOINT WARNING * * *
The ogre hits you but does no damage.
Unknown command.
Unknown command.
Unknown command.
Unknown command.
The hill giant completely misses you.
The hill giant hits you with a giant club!!!
You die...

#......................
#.....................
#....................
#...................
#.=................
###'###########'#'##
..#(#.# #..Oh.####
.#.#.## #.hCCh#>.#
#.###.# ###@###..#
)#.#.## #...)#(.#
..###.# #...))..#
)..#..# #...)####
..###.# #..... .#.#.##
#...... #####.#
######## .#.#.##
..#.#.#


You could see 2 hill giants, a polar bear (berserk), 2 black bears and an ogre
(berserk).

Vanquished Creatures
  the Royal Jelly (Slime:6)
  A deep elf blademaster (Elf:3)
  Polyphemus (Shoals:4)
  A deep elf master archer (Elf:3)
  A quicksilver dragon (WizLab)
  16 acid blobs
  A kraken (Shoals:4)
  10 tentacled starspawn (WizLab)
  Roxanne (D:15)
  10 greater nagas (Snake:4)
  Wiglaf (D:14)
  Donald (Orc:1)
  11 azure jellies
  A frost giant (Shoals:4)
  A cacodemon (WizLab)
  Maud (D:10)
  An orc warlord (Orc:2)
  10 deep elf sorcerers (Elf:3)
  2 deep elf elementalists (Elf:3)
  4 very ugly things (WizLab)
  2 ironheart preservers (Vaults:1)
  A war gargoyle (WizLab)
  6 stone giants
  Nessos (D:15)
  2 deep elf demonologists (Elf:3)
  5 deep elf annihilators (Elf:3)
  A dire elephant (Lair:8)
  4 death oozes
  6 merfolk javelineers
  A crystal guardian (WizLab)
  3 yaktaur captains (Vaults:1)
  3 deep elf high priests (Elf:3)
  5 great orbs of eyes
  8 merfolk impalers (Shoals:4)
  An ogre mage (D:14)
  5 deep elf death magi
  A fire dragon (Vaults:1)
  An iron giant zombie (D:15)
  A merfolk avatar (Shoals:3)
  15 naga warriors
  3 hydras
  2 catoblepae
  3 centaur warriors
  3 merfolk aquamancers (Shoals:4)
  A satyr (shapeshifter) (Elf:1)
  4 anacondas
  A vampire mage (D:15)
  11 dancing weapons
  19 death yaks
  An alligator snapping turtle (Shoals:4)
  A tengu warrior (D:15)
  2 deep troll shamans
  A deep troll earth mage (Depths:1)
  7 naga sharpshooters (Snake:4)
  A hell knight (Volcano)
  3 shock serpents
  2 orc high priests (Orc:2)
  6 deep elf knights
  A fire crab (shapeshifter) (Elf:1)
  An orange crystal statue (WizLab)
  2 salamander mystics
  4 skeletal warriors
  19 sea snakes
  4 unseen horrors
  6 starcursed masses (WizLab)
  5 deep elf archers
  8 giant orange brains
  A kraken simulacrum (Shoals:4)
  7 naga ritualists
  5 deep trolls
  A wizard (D:15)
  4 necromancers
  16 harpies
  10 hill giants
  12 mana vipers
  8 orc knights
  Pikel (D:6)
  A wolf spider zombie (D:14)
  38 deep elf magi
  5 large abominations (Elf:1)
  A cyclops (D:15)
  6 orc sorcerers (Orc:2)
  9 manticores
  3 shining eyes
  16 ugly things
  2 water nymphs (Shoals:4)
  11 griffons
  6 fauns
  2 wolf spiders
  14 salamanders
  Joseph (D:7)
  38 black mambas
  Maurice (D:13)
  23 naga magi
  A toenail golem (Volcano)
  24 elephants
  8 guardian serpents
  7 eyes of devastation
  A yaktaur zombie (D:15)
  8 sirens
  4 vault sentinels
  2 molten gargoyles (Volcano)
  A torpor snail (Lair:6)
  A spiny frog (shapeshifter) (Vaults:1)
  9 spiny frogs
  2 kobold demonologists
  A spriggan zombie (D:15)
  7 komodo dragons
  13 yaktaurs
  A tengu conjurer (D:15)
  A guardian mummy (D:15)
  4 fire drakes
  A queen bee (D:12)
  27 merfolk
  5 trolls
  3 wind drakes
  6 polar bears
  25 blink frogs
  A blink frog (shapeshifter) (Vaults:1)
  2 boulder beetles
  49 slime creatures
  An ice dragon zombie (D:15)
  6 two-headed ogres
  10 snapping turtles
  The ghost of Statics the Insei, an amateur OpTm (D:4)
  2 air elementals (Elf:3)
  Sigmund (D:4)
  39 yaks
  2 wraiths
  A redback (shapeshifter) (Elf:3)
  A vampire (D:15)
  9 water elementals
  3 fire bats (Volcano)
  3 wyverns
  A fire elemental (Volcano)
  4 hogs (Lair:5)
  4 basilisks
  3 golden eyes (WizLab)
  4 neqoxecs (WizLab)
  12 hippogriffs
  4 hungry ghosts
  14 vampire mosquitoes
  19 wolves
  A yaktaur simulacrum (Vaults:1)
  6 wargs
  4 mottled dragons
  Edmund (D:4)
  A harpy simulacrum (D:14)
  2 soldier ants
  12 porcupines
  12 water moccasins
  38 nagas
  10 black bears
  2 hell hounds (Volcano)
  39 orc warriors
  A swamp drake (D:10)
  An ice beast (D:12)
  3 sky beasts
  A necrophage (D:9)
  3 wasps
  15 ogres
  3 phantoms
  An elephant zombie (Lair:5)
  3 eyes of draining
  An eye of draining (shapeshifter) (Vaults:1)
  10 centaurs
  13 crocodiles
  3 elf zombies (Elf:1)
  A komodo dragon zombie (Lair:5)
  3 big kobolds
  4 earth elementals
  12 giant frogs
  A gnoll sergeant (D:6)
  A wyvern zombie (D:12)
  3 scorpions
  A wyvern skeleton (D:11)
  7 wights (D:12)
  20 killer bees
  3 electric eels
  11 crimson imps
  A giant frog zombie (D:12)
  25 orc priests
  7 centaur skeletons
  4 hounds
  21 jellies
  24 orc wizards
  2 giant frog skeletons
  Jessica (D:2)
  10 iguanas
  11 worker ants
  A killer bee zombie (D:10)
  13 sheep
  A crocodile zombie (Lair:5)
  A hound zombie (D:5)
  A worker ant zombie (D:10)
  2 adders
  6 gnolls
  36 river rats
  3 shadow imps
  3 oozes (Lair:7)
  An adder zombie (D:9)
  7 worms
  4 adder skeletons
  3 giant geckos
  94 orcs
  3 giant cockroaches
  10 goblins
  5 hobgoblins
  5 jackals
  23 kobolds
  10 quokkas
  A ball python skeleton (D:4)
  5 bats
  4 giant newts
  4 rats
  9 plants
  3 tentacles (Shoals:4)
1486 creatures vanquished.

Vanquished Creatures (collateral kills)
  Jorgrun (Shoals:3)
  A deep elf blademaster (Elf:3)
  2 acid blobs
  Ilsuiw (Shoals:4)
  An azure jelly (Slime:6)
  Aizul (Shoals:4)
  The ghost of Voda the Spear-Bearer, a journeyman OpGl of Pakellas (Lair:7)
  A great orb of eyes (WizLab)
  A merfolk avatar (Shoals:3)
  A sea snake (Shoals:4)
  2 shining eyes
  2 water nymphs (Shoals:4)
  2 merfolk (Shoals:4)
  A snapping turtle (Shoals:3)
  A naga (Snake:4)
  A crocodile (Lair:7)
  A giant frog (D:10)
  2 orc wizards (Orc:2)
  4 sheep (Lair:7)
  An orc (Orc:2)
28 creatures vanquished.

Vanquished Creatures (others)
  An unseen horror (Vaults:1)
  An orc (Orc:2)
  25 fungi
  38 plants
  34 starspawn tentacles (WizLab)
  222 starspawn tentacle segments (WizLab)
  20 tentacles (Shoals:4)
  153 tentacle segments (Shoals:4)
494 creatures vanquished.

Grand Total: 2008 creatures vanquished

Notes
Turn   | Place    | Note
--------------------------------------------------------------
     0 | D:1      | 4thArraOfDagon the Centaur Berserker began the quest for the Orb.
     0 | D:1      | Reached XP level 1. HP: 19/19 MP: 1/1
   229 | D:1      | Reached XP level 2. HP: 19/26 MP: 2/2
   848 | D:2      | Found an iron altar of Okawaru.
   986 | D:2      | Noticed Jessica
   990 | D:2      | Killed Jessica
   990 | D:2      | Reached ** piety under Trog
   990 | D:2      | Reached XP level 3. HP: 31/31 MP: 3/3
  1162 | D:2      | Found a snail-covered altar of Cheibriados.
  1178 | D:2      | Reached XP level 4. HP: 24/38 MP: 4/4
  1551 | D:3      | Reached skill level 4 in Long Blades
  1561 | D:3      | Found a runed door.
  1561 | D:3      | Found a glowing golden altar of the Shining One.
  1561 | D:3      | Noticed an angel
  1645 | D:3      | Found a glowing golden altar of the Shining One.
  2073 | D:3      | Found a blossoming altar of Fedhas.
  2173 | D:4      | Reached XP level 5. HP: 46/46 MP: 5/5
  2174 | D:4      | Reached *** piety under Trog
  2252 | D:4      | Found a staircase to the Ecumenical Temple.
  2274 | D:4      | Noticed an ogre
  2282 | D:4      | Killed an ogre
  2335 | D:4      | Noticed Sigmund
  2359 | D:4      | Killed Sigmund
  2359 | D:4      | Reached skill level 5 in Long Blades
  2359 | D:4      | Reached XP level 6. HP: 45/53 MP: 6/6
  2412 | D:4      | Noticed Edmund
  2423 | D:4      | Killed Edmund
  2448 | D:4      | Noticed a sky beast
  2453 | D:4      | Reached XP level 7. HP: 33/60 MP: 7/7
  2479 | D:4      | Gained mutation: Scrolls take you a little longer to read. [mutagenic meat]
  2480 | D:4      | Gained mutation: You are agile. (Dex +2) [mutagenic meat]
  2481 | D:4      | Gained mutation: You tend to lose your temper in combat. [mutagenic meat]
  2482 | D:4      | Lost mutation: Scrolls take you a little longer to read. [mutagenic meat]
  2483 | D:4      | Gained mutation: Your system is resistant to poisons. [mutagenic meat]
  2553 | D:4      | Found Nesategh's Weapon Shop.
  2559 | D:4      | Bought a +1 falchion of electrocution for 145 gold pieces
  2566 | D:4      | Noticed Statics's ghost (amateur OpTm)
  2573 | D:4      | Killed Statics's ghost
  2573 | D:4      | Reached skill level 5 in Fighting
  2573 | D:4      | Reached skill level 6 in Long Blades
  2969 | D:5      | Entered Level 5 of the Dungeon
  2988 | D:5      | Reached XP level 8. HP: 57/69 MP: 8/8
  3131 | D:5      | Found a basalt altar of Yredelemnul.
  3189 | D:5      | Reached skill level 7 in Long Blades
  3651 | D:5      | Found a shimmering altar of Xom.
  3651 | D:5      | Found a burning altar of Makhleb.
  3866 | D:6      | Lost mutation: You are agile. (Dex +2) [potion of mutation]
  3867 | D:6      | Gained mutation: Your muscles are strong. (Str +2) [potion of mutation]
  3867 | D:6      | Gained mutation: Your mind is acute. (Int +2) [potion of mutation]
  3867 | D:6      | Lost mutation: Your muscles are strong. (Str +2) [potion of mutation]
  4145 | D:6      | Noticed Pikel
  4154 | D:6      | Killed Pikel
  4154 | D:6      | Reached skill level 8 in Long Blades
  4154 | D:6      | Reached XP level 9. HP: 75/75 MP: 9/9
  4317 | D:6      | Reached skill level 5 in Armour
  4524 | D:7      | Received a gift from Trog
  4549 | D:7      | Found Ysidee's Gadget Boutique.
  4618 | D:7      | Noticed Joseph
  4660 | D:7      | Killed Joseph
  4660 | D:7      | Reached skill level 9 in Long Blades
  4791 | D:7      | Found an ancient bone altar of Kikubaaqudgha.
  4865 | D:7      | Found Nipof's Antique Armour Boutique.
  5024 | D:7      | Reached **** piety under Trog
  5419 | D:8      | Found a staircase to the Lair.
  5702 | D:8      | Reached skill level 10 in Long Blades
  6005 | D:9      | Reached XP level 10. HP: 83/83 MP: 10/10
  6296 | D:9      | Reached ***** piety under Trog
  6442 | D:9      | Reached skill level 11 in Long Blades
  6641 | D:10     | Entered Level 10 of the Dungeon
  6704 | D:10     | Noticed a centaur warrior
  6715 | D:10     | Killed a centaur warrior
  6876 | D:10     | Noticed Maud
  6892 | D:10     | Killed Maud
  6892 | D:10     | Reached skill level 12 in Long Blades
  6962 | D:10     | Reached XP level 11. HP: 89/89 MP: 11/11
  7052 | D:10     | Found a staircase to the Orcish Mines.
  7115 | Orc:1    | Entered Level 1 of the Orcish Mines
  7414 | Orc:2    | Entered Level 2 of the Orcish Mines
  7414 | Orc:2    | Noticed Donald
  7416 | Orc:2    | Noticed an orc sorcerer
  7425 | Orc:2    | Noticed a soul eater
  7433 | Orc:1    | Killed Donald
  7475 | Orc:2    | Noticed an orc sorcerer
  7479 | Orc:2    | Noticed an orc high priest
  7480 | Orc:2    | Noticed an orc sorcerer
  7480 | Orc:2    | Noticed an orc knight
  7638 | Orc:2    | Killed an orc sorcerer
  7638 | Orc:2    | Reached skill level 13 in Long Blades
  7678 | Orc:2    | Found Viog's Book Shop.
  7679 | Orc:2    | Noticed an orc knight
  7694 | Orc:2    | Killed an orc knight
  7820 | Orc:2    | Killed an orc knight
  7858 | Orc:2    | Killed an orc sorcerer
  7896 | Orc:2    | Found Zases's Antique Weapon Shop.
  7896 | Orc:2    | Noticed an orc sorcerer
  7897 | Orc:2    | Noticed an orc knight
  7917 | Orc:2    | Killed an orc sorcerer
  7996 | Orc:2    | Killed an orc high priest
  8100 | Orc:2    | Killed an orc knight
  8121 | Orc:2    | Noticed an orc sorcerer
  8157 | Orc:2    | Killed an orc sorcerer
  8157 | Orc:2    | Reached XP level 12. HP: 73/96 MP: 12/12
  8179 | Orc:2    | Noticed an orc high priest
  8208 | Orc:2    | Reached skill level 14 in Long Blades
  8212 | Orc:2    | Killed an orc high priest
  8233 | Orc:2    | Noticed an orc warlord
  8249 | Orc:2    | Killed an orc warlord
  8336 | Orc:2    | Received a gift from Trog
  8343 | Orc:2    | Found Nopiotit's Antique Armour Boutique.
  8417 | Orc:2    | Found a staircase to the Elven Halls.
  8463 | Orc:2    | Found Asicecle's General Store.
  8498 | Orc:2    | Bought a scroll of immolation for 45 gold pieces
  8681 | Lair:1   | Entered Level 1 of the Lair of Beasts
  9115 | Lair:1   | Noticed a seven-headed hydra
  9138 | Lair:1   | Killed a ten-headed hydra
  9138 | Lair:1   | Reached skill level 15 in Long Blades
  9598 | Lair:2   | Noticed a six-headed hydra
  9604 | Lair:2   | Killed an eight-headed hydra
 10069 | Lair:3   | Found a staircase to the Snake Pit.
 10263 | Lair:3   | Reached XP level 13. HP: 83/102 MP: 13/13
 10658 | Lair:4   | Reached skill level 10 in Armour
 10670 | Lair:4   | Received a gift from Trog
 11610 | Lair:5   | Noticed Kirke
 11612 | Lair:5   | Reached skill level 16 in Long Blades
 11900 | Lair:6   | Reached skill level 1 in Evocations
 11906 | Lair:6   | Found a staircase to the Shoals.
 12112 | Lair:6   | Received a gift from Trog
 12354 | Lair:7   | Noticed Voda's ghost (journeyman OpGl)
 12361 | Lair:7   | Killed Voda's ghost
 12471 | Lair:7   | Found a runed door.
 12471 | Lair:7   | Found a viscous altar of Jiyva.
 12475 | Lair:7   | Found a staircase to the Slime Pits.
 12769 | Lair:7   | Reached ****** piety under Trog
 12983 | Lair:7   | Reached XP level 14. HP: 107/110 MP: 16/16
 13031 | Lair:8   | Entered Level 8 of the Lair of Beasts
 13063 | Lair:8   | Reached skill level 17 in Long Blades
 13312 | Lair:8   | Received a gift from Trog
 13431 | Lair:8   | Found a shadowy altar of Dithmenos.
 13454 | Lair:8   | Found a dark tunnel.
 13462 | Volcano  | Entered a volcano
 13611 | Volcano  | Found a bloodstained altar of Trog.
 13819 | Lair:8   | Reached skill level 5 in Evocations
 13918 | Lair:8   | Identified the Compendium of Confrontation and Feathers (You found it on level 8 of the Lair of Beasts)
 14441 | Lair:6   | Reached skill level 18 in Long Blades
 14503 | Lair:6   | Received a gift from Trog
 14629 | Lair:5   | Got a warped scale mail
 14640 | Lair:5   | Identified the cursed +0 scale mail "Giusig" {Str+4} (You found it on level 5 of the Lair of Beasts)
 14791 | Snake:1  | Entered Level 1 of the Snake Pit
 14817 | Snake:1  | Reached XP level 15. HP: 78/115 MP: 19/19
 15201 | Snake:4  | Entered Level 4 of the Snake Pit
 15489 | Snake:4  | Received a gift from Trog
 15496 | Snake:4  | Got a bloodstained great sword {god gift}
 15497 | Snake:4  | Identified the +4 great sword of Trog's Outrage {slice, rF+ Int+4} (Trog gifted it to you on level 4 of the Snake Pit)
 15589 | Snake:4  | Noticed a greater naga
 15607 | Snake:4  | Killed a greater naga
 15615 | Snake:4  | Reached skill level 19 in Long Blades
 16004 | Snake:4  | Noticed a greater naga
 16007 | Snake:4  | Noticed a greater naga
 16033 | Snake:4  | Killed a greater naga
 16034 | Snake:4  | Killed a greater naga
 16170 | Snake:4  | Noticed a greater naga
 16194 | Snake:4  | Killed a greater naga
 16203 | Snake:4  | Reached XP level 16. HP: 57/122 MP: 21/21
 16675 | Snake:4  | Received a gift from Trog
 16732 | Snake:4  | Reached skill level 20 in Long Blades
 16903 | Snake:4  | Got a serpentine rune of Zot
 17326 | Snake:2  | Received a gift from Trog
 17654 | Lair:3   | bye
 17654 | Lair:3   | Upgraded the game from 0.18-a0-1229-ge9a1a01 to 0.18-a0-1243-g9e52518
 17741 | Shoals:1 | Entered Level 1 of the Shoals
 17811 | Shoals:1 | Found Nyoroarch's General Store.
 17818 | Shoals:1 | Bought a scroll of identify for 20 gold pieces
 17818 | Shoals:1 | Bought a scroll of identify for 20 gold pieces
 17818 | Shoals:1 | Bought a scroll of identify for 20 gold pieces
 17818 | Shoals:1 | Bought a scroll of magic mapping for 35 gold pieces
 18097 | Shoals:2 | Reached XP level 17. HP: 99/128 MP: 22/22
 18480 | Shoals:3 | Found Godghugg's Antique Weapon Boutique.
 18563 | Shoals:3 | Reached skill level 21 in Long Blades
 18588 | Shoals:3 | Found Teec's Distillery.
 18591 | Shoals:3 | Bought 2 potions of magic for 320 gold pieces
 18591 | Shoals:3 | Bought 2 potions of curing for 120 gold pieces
 18591 | Shoals:3 | Bought a potion of heal wounds for 100 gold pieces
 18591 | Shoals:3 | Bought a potion of brilliance for 80 gold pieces
 18591 | Shoals:3 | Bought 2 potions of curing for 120 gold pieces
 18696 | Shoals:3 | Noticed Jorgrun
 18714 | Shoals:3 | Killed Jorgrun
 18765 | Shoals:3 | Found Doogaff's Armour Boutique.
 19085 | Shoals:4 | Entered Level 4 of the Shoals
 19245 | Shoals:4 | Noticed Aizul
 19256 | Shoals:4 | Killed Aizul
 19346 | Shoals:4 | Turgon: Hey, ist this a weapon from your boss?
 19373 | Shoals:4 | 4thArraOfDagon: yea
 19374 | Shoals:4 | Turgon: no
 19375 | Shoals:4 | Turgon: from maud
 19375 | Shoals:4 | Turgon: (!)
 19375 | Shoals:4 | 4thArraOfDagon: ahh
 19375 | Shoals:4 | 4thArraOfDagon: right
 19375 | Shoals:4 | Turgon: good find
 19375 | Shoals:4 | 4thArraOfDagon: +4 from trog
 19394 | Shoals:4 | 4thArraOfDagon: bad luck uhh
 19394 | Shoals:4 | 4thArraOfDagon: :(
 19397 | Shoals:4 | Got a faintly humming naga barding
 19398 | Shoals:4 | Identified the +0 naga barding of the Sky {Dex+2} (You found it on level 4 of the Shoals)
 19833 | Shoals:4 | Noticed Ilsuiw
 19893 | Shoals:4 | Killed Ilsuiw
 20078 | Shoals:4 | Noticed a kraken
 20101 | Shoals:4 | Killed a kraken
 20219 | Shoals:4 | Noticed Polyphemus
 20253 | Shoals:4 | Killed Polyphemus
 20328 | Shoals:4 | Reached skill level 22 in Long Blades
 20335 | Shoals:4 | Turgon: very close!
 20539 | Shoals:4 | Got a barnacled rune of Zot
 20771 | Shoals:1 | Reached XP level 18. HP: 135/135 MP: 23/23
 21069 | D:5      | Fell from the grace of Trog
 21069 | D:5      | Became a worshipper of Makhleb the Destroyer
 21744 | D:11     | Learned a level 2 spell: Blink
 21746 | D:11     | Learned a level 1 spell: Apportation
 21751 | D:11     | Learned a level 4 spell: Passage of Golubria
 22083 | D:11     | Reached * piety under Makhleb
 22531 | D:12     | Reached ** piety under Makhleb
 22548 | D:12     | Found a shattered altar of Ashenzari.
 23097 | D:13     | Noticed Maurice
 23106 | D:13     | Killed Maurice
 23244 | D:13     | Reached *** piety under Makhleb
 23409 | D:14     | Gained mutation: Your muscles are strong. (Str +2) [mutagenic meat]
 23642 | D:14     | Reached **** piety under Makhleb
 23945 | D:14     | Found a gate to the Vaults.
 24056 | D:15     | Entered Level 15 of the Dungeon
 24101 | D:15     | Noticed Roxanne
 24119 | D:15     | Killed Roxanne
 24142 | D:15     | Gained mutation: You possess an exceptional clarity of mind. [potion of beneficial mutation]
 24199 | D:15     | Found a staircase to the Depths.
 24468 | D:15     | Noticed Nessos
 24497 | D:15     | Killed Nessos
 24497 | D:15     | Reached skill level 23 in Long Blades
 24537 | D:15     | Reached ***** piety under Makhleb
 25076 | Depths:1 | Entered Level 1 of the Depths
 25187 | Depths:1 | Noticed Sojobo
 25278 | Vaults:1 | Entered Level 1 of the Vaults
 25514 | Elf:1    | Entered Level 1 of the Elven Halls
 25667 | Elf:1    | Identified the Guide on Evil Magic (You found it on level 1 of the Elven Halls)
 25700 | Elf:1    | Found a magical portal.
 25709 | WizLab   | Entered Lehudib's Moon Base
 25918 | WizLab   | kroki: hows it
 26019 | WizLab   | 4thArraOfDagon: good
 26073 | WizLab   | Reached XP level 19. HP: 94/140 MP: 24/24
 26073 | WizLab   | Gained mutation: You evolve. [a neqoxec]
 26232 | WizLab   | Gained mutation: Your spells are a little harder to cast, but a little more powerful. [potion of beneficial mutation]
 26280 | WizLab   | Reached ****** piety under Makhleb
 26280 | WizLab   | Reached skill level 24 in Long Blades
 26295 | WizLab   | Reached skill level 1 in Invocations
 26418 | WizLab   | Reached skill level 1 in Translocations
 26971 | Elf:2    | Reached skill level 1 in Spellcasting
 27031 | Elf:2    | Identified a scroll of acquirement
 27388 | Elf:3    | Entered Level 3 of the Elven Halls
 27652 | Elf:3    | Found Pumiyqux's Gadget Shoppe.
 27932 | Elf:3    | Reached skill level 5 in Translocations
 27932 | Elf:3    | Reached skill level 5 in Invocations
 28061 | Elf:3    | Got a heavily runed granite ring
 28062 | Elf:3    | Identified the ring "Dotufe" {*Drain rN+ Str+2 SInv} (You took it off a deep elf annihilator on level 3 of the Elven Halls)
 28151 | Elf:3    | Reached XP level 20. HP: 152/152 MP: 20/25
 28311 | Elf:3    | Got a scorched chain mail
 28312 | Elf:3    | Identified the +0 chain mail "Nuynolof" {+Fly} (You found it on level 3 of the Elven Halls)
 28497 | Elf:2    | Got an encrusted ring mail
 28498 | Elf:2    | Identified the +1 ring mail "Deisinosm" {Slay+3} (You found it on level 2 of the Elven Halls)
 28518 | Elf:2    | Gained mutation: You are partially covered in rough black scales (AC +4, Dex -1). [evolution]
 28598 | Elf:2    | Found a huge runed gate.
 28598 | Elf:2    | Found a huge runed gate.
 28598 | Elf:2    | Found a huge runed gate.
 28598 | Elf:2    | Found a huge runed gate.
 28598 | Elf:2    | Found a huge runed gate.
 28994 | Lair:2   | lol
 29093 | Slime:1  | Entered Level 1 of the Pits of Slime
 29605 | Slime:6  | Entered Level 6 of the Pits of Slime
 29768 | Slime:6  | Found a viscous altar of Jiyva.
 29768 | Slime:6  | Noticed the Royal Jelly
 29825 | Slime:6  | Reached skill level 5 in Dodging
 29828 | Slime:6  | Killed the Royal Jelly
 29945 | Slime:6  | Got a scorched hunting sling
 29991 | Slime:6  | Got a translucent granite ring
 29992 | Slime:6  | Identified the ring "Nuqotwoi" {rC+ rN+} (You found it on level 6 of the Pits of Slime)
 30063 | Slime:6  | Identified Hagy's Guide on Flamy Confrontation (You found it on level 6 of the Pits of Slime)
 30066 | Slime:6  | Got a slimy rune of Zot
 30080 | Slime:6  | Got a steaming large shield
 30081 | Slime:6  | Identified the +1 large shield of Leaves {rCorr} (You found it on level 6 of the Pits of Slime)
 30516 | Vaults:1 | Noticed Wiglaf
 30542 | D:14     | Killed Wiglaf
 30971 | Vaults:2 | Found Vevyag's General Store.
 30982 | Vaults:2 | Bought a potion of heal wounds for 80 gold pieces
 30982 | Vaults:2 | Bought a scroll of identify for 32 gold pieces
 30982 | Vaults:2 | Bought a potion of cancellation for 128 gold pieces
 31052 | Vaults:1 | Slain by a hill giant

Vault maps used:
D:1:      dpeg_arrival_court
D:2:      okawaru_ov_weapons_minmay, old_standard_altar, kennysheep_doodads,
          minmay_three_crescents, uniq_jessica
D:3:      overflow_temple_1_default, lemuel_doored_altar, first_bread,
          serial_glass, glass_columns_b, glass_columns_b, glass_columns_a,
          glass_columns_a, glass_columns_a, glass_columns_a,
          kennysheep_small_spiral, lemuel_angel_altar
D:4:      minmay_temple_entry_junction, serial_shops, kennysheep_little_box,
          uniq_sigmund, uniq_edmund
D:5:      grunt_temple_overflow_champion_of_chaos, kennysheep_mini_moat,
          minmay_misc_feat_nine_boxes, minmay_misc_feat_ornament,
          minmay_misc_feat_enclosed
D:6:      uniq_pikel
D:7:      marbit_many_paths, serial_shops, nicolae_shop_behind_doors, shop,
          uniq_joseph
D:8:      lair_0_dummy
D:9:      hangedman_pestilent_swarm
D:10:     erik_orc_1, uniq_maud
D:12:     wad_woods_minihive, ashenzari_altar_1
D:13:     uniq_maurice
D:14:     hangedman_vaults_entry_quadrant_bands, minivault_25
D:15:     gammafunk_depths_entry_grave, minmay_misc_feat_encased, uniq_nessos,
          uniq_roxanne
Lair:1:   serial_bayou_shore_b
Lair:2:   minivault_26
Lair:3:   minmay_snake_entry_spellcaster, guppyfry_lair_drakes
Lair:4:   grunt_megastairs_5
Lair:5:   pond_and_an_island_with_a_cottage, uniq_kirke
Lair:6:   elwin_shoals_entry_stream
Lair:7:   slime_altar_2, grunt_forest_small_clearing_treed,
          infiniplex_staircase_pool
Lair:8:   grunt_lair_end_beastmaster, basic_altar, enter_volcano_3
Shoals:1: nicolae_shoals_c_island
Shoals:3: serial_shops, nicolae_shop_window_shopping, nicolae_shop_waterfront,
          nicolae_shop_behind_doors, nicolae_shoals_stone_sculpture_thing,
          uniq_jorgrun
Shoals:4: shoals_end_grunt_ice, shoals_ilsuiw_alternative,
          nicolae_shoals_cliffside_cave, abandoned_shop, uniq_polyphemus,
          uniq_aizul
Snake:2:  basic_altar, grunt_ministairs_2, abandoned_shop, st_stairs_12,
          evilmike_ambush
Snake:3:  grunt_megastairs_3, serial_bayou_shore_a
Snake:4:  snake_pit, serial_bayou_lake_a
Slime:1:  nicolae_slime_ancient_tower_intersection
Slime:2:  basic_altar
Slime:5:  basic_altar
Orc:1:    basic_altar
Orc:2:    grunt_orc_gardens, grunt_orc_garden, grunt_orc_garden,
          grunt_orc_garden, grunt_orc_garden, uniq_donald
Elf:1:    minmay_elf_arrival_plus, mu_enter_wizlab_4, minmay_elf_necromancy,
          nicolae_elf_v_pinch, grunt_ministairs_12
Elf:3:    minmay_elf_hall_spiked, serial_shops, shop_fountains
Vaults:1: nicolae_vaults_little_squares_4, v_misc_22, v_pattern_5,
          ontoclasm_vaults_echo, vaults_room_grunt_arrival_ludios,
          ontoclasm_vaults_decontamination, hangedman_vaults_cutoff,
          vaults_mumra_hex, ontoclasm_vaults_chip,
          nicolae_vaults_little_squares_5, v_misc_18,
          vaults_room_stairs_pillars, uniq_wiglaf
Vaults:2: nicolae_vaults_murderbox, hangedman_vaults_cutoff,
          nicolae_vaults_alarming, hangedman_vaults_corner,
          hangedman_vaults_pinch, vaults_room_corners,
          ontoclasm_vaults_claustrophobia, vaults_mumra_hexcomb,
          nicolae_vaults_little_squares_6, nicolae_vaults_little_squares_3,
          vaults_room_semicircle, serial_shops, shop, shop, shop
Depths:1: pan_entry, nicolae_abyss_entry_one_way_or_another,
          grunt_hell_entry_dis_old, roderic_filled_cross,
          kennysheep_underground_church, uniq_sojobo
Volcano:  volcano_lake
WizLab:   wizlab_lehudib

Action                   |  1- 3 |  4- 6 |  7- 9 | 10-12 | 13-15 | 16-18 | 19-21 || total
-------------------------+-------+-------+-------+-------+-------+-------+-------++-------
Melee: Falchion          |    53 |    99 |   306 |   130 |       |       |       ||   588
       Great sword       |       |       |       |   350 |   948 |  1656 |   113 ||  3067
       Unarmed           |       |       |       |       |       |     2 |       ||     2
       Triple sword      |       |       |       |       |       |       |   876 ||   876
Throw: Throwing net      |       |       |       |       |       |     1 |     2 ||     3
 Cast: Blink             |       |       |       |       |       |       |     2 ||     2
Invok: Berserk           |     3 |     6 |    13 |    16 |    13 |    13 |       ||    64
       Trog's Hand       |       |     1 |     3 |    14 |    30 |    50 |       ||    98
       Brothers in Arms  |       |       |       |     2 |     1 |     5 |       ||     8
       Burn Spellbooks   |       |       |       |       |     2 |       |       ||     2
 Abil: Evoke Flight      |       |       |       |       |     1 |       |       ||     1
       Stop Flying       |       |       |       |       |       |       |     1 ||     1
       Evoke Berserk Rag |       |       |       |       |       |       |     4 ||     4
Evoke: Wand              |       |       |       |     4 |    16 |    10 |     6 ||    36
       Deck              |       |       |       |       |     2 |       |     1 ||     3
       Sack of spiders   |       |       |       |       |     1 |     2 |     6 ||     9
       Box of beasts     |       |       |       |       |       |     2 |     7 ||     9
       Phantom mirror    |       |       |       |       |       |       |     1 ||     1
  Use: Scroll            |       |       |    13 |    15 |     7 |    10 |    28 ||    73
       Potion            |       |       |     2 |     2 |     6 |    14 |    11 ||    35
 Stab: Distracted        |       |       |       |       |     1 |       |     4 ||     5
       Petrifying        |       |       |       |       |     1 |       |       ||     1
       Petrified         |       |       |       |       |       |     1 |       ||     1
       Invisible         |       |       |       |       |       |       |     2 ||     2
  Eat: Chunk             |     2 |    10 |    27 |    31 |    30 |    39 |     4 ||   143
       Pizza             |       |       |     1 |     1 |     1 |       |       ||     3
       Fruit             |       |       |       |     3 |       |       |       ||     3
       Royal jelly       |       |       |       |     1 |     4 |     5 |     1 ||    11
       Beef jerky        |       |       |       |       |       |    10 |     8 ||    18
       Meat ration       |       |       |       |       |       |       |     1 ||     1
